cohdb
Replays
Latest Replays
All Replays
Popular Replays
Top Player Replays
Match Explorer
How It Works
Community
CoH3 Stats
Reddit
Sign in to upload your games and track your stats! →
Sign in with Steam
Match 41311613
Unlisted
Match 41311613
Overview
Messages
Build Orders
End
Kradschützen Motorcycle Team
Selects Armored Support Battlegroup
Panzergrenadier Squad
250 Light Carrier
Panzergrenadier Squad
Construct Light Support Kompanie
Selects Superior Fire Drills
Construct Mechanized Kompanie
Support Armor Elements
Assault Mechanized Group
Panzerjäger Squad
Selects Salvage Kits
StuG III D Assault Gun
StuG III D Assault Gun
2.5-tonne Medical Truck
Selects Panzer Storm
Panzerjäger Mechanized Group
deadsadbadmad
DrinkingBird
0
0
Comments
sign in to comment!
No comments posted yet!